 Dungeon Crawl Stone Soup version 0.31.0-32-g396128a36d (webtiles) character file.

Game seed: 533232341351669850

123 Peloso the Shield-Bearer (level 4, -11/40 HPs)
             Began as a Minotaur Fighter on Apr 19, 2024.
             Mangled by a two-headed ogre
             ... wielding a +0 giant club
              (20 damage)
             ... on level 4 of the Dungeon.
             The game lasted 00:02:02 (1032 turns).

Peloso the Shield-Bearer (Minotaur Fighter)         Turns: 1032, Time: 00:02:03

Health: -11/40     AC:  7    Str: 21    XL:     4   Next: 79%
Magic:  3/3        EV:  9    Int:  5    God:
Gold:   53         SH:  5    Dex: 11    Spells: 3/3 levels left

rFire   . . .        a - +0 long sword
rCold   . . .        c - +0 buckler
rNeg    . . .        b - +0 scale mail
rPois   .            (helmet restricted)
rElec   .            (no cloak)
rCorr   .            (no gloves)
SInv    .            (no boots)
Will    .....        (no amulet) Stlth
                     (no ring)
HPRegen 0.26/turn    (no ring)
MPRegen 0.08/turn

%: no passive effects
@: mighty
A: horns 2, retaliatory headbutt
a: no special abilities


You were on level 4 of the Dungeon.
You visited 1 branch of the dungeon, and saw 3 of its levels.

You collected 53 gold pieces.

Inventory:

Hand Weapons
 a - a +0 long sword (weapon)
Armour
 b - a +0 scale mail (worn)
 c - a +0 buckler (worn)
Scrolls
 f - 2 scrolls of teleportation {unknown}
 g - 2 scrolls of revelation {unknown}
 h - 2 scrolls of identify {unknown}
 j - a scroll of enchant weapon {unknown}
Potions
 e - a potion of invisibility {unknown}


   Skills:
 + Level 4.3 Fighting
 + Level 4.1 Long Blades
 + Level 4.3 Armour
 + Level 0.1 Dodging
 + Level 4.7 Shields


You had 3 spell levels left.
You didn't know any spells.
Your spell library was empty.

Dungeon Overview and Level Annotations

Branches:
Dungeon (2/15)

Altars:

Shops:
D:4 =


Innate Abilities, Weirdness & Mutations

You have a pair of horns on your head.
You reflexively headbutt those who attack you in melee.


Message History

You kill the orc!
You hit the endoplasm. Your headbutt misses the endoplasm.
The endoplasm is heavily wounded.
The endoplasm hits you but does no damage.
You slash the endoplasm!
You kill the endoplasm!
You slash the bombardier beetle!
The bombardier beetle is heavily wounded.
You slash the bombardier beetle!
You kill the bombardier beetle!
Your Long Blades skill increases to level 4!
Things that are here:
a +0 club; an orc corpse
There is an entrance to Qiug's Jewellery Shoppe here.
Things that are here:
a +0 club; an orc corpse You open the door.
An orc comes into view. It is wielding a +0 club.
Found a club and a dagger.
There is an open door here.
You slice the orc!!
You kill the orc!
Things that are here:
a +0 club; a +0 leather armour A two-headed ogre comes into view.
It is wielding two +0 giant clubs.
You hear the slow rusting of a drain nearby.
You hit the two-headed ogre but do no damage.
You headbutt the two-headed ogre!
The two-headed ogre is lightly wounded.
The two-headed ogre closely misses you.
The two-headed ogre hits you with a +0 giant club!
* * * LOW HITPOINT WARNING * * *
You slash the two-headed ogre!
The two-headed ogre is moderately wounded.
You barely miss the two-headed ogre.
The two-headed ogre is moderately wounded.
The two-headed ogre barely misses you.
The two-headed ogre hits you with a +0 giant club!!
Ouch! That really hurt!
You die...

######.# .. #......#
..##......# ..........+
#.........# #.........#
#.....O...# #......@..#
....
#....)....##...........#
#.........##............
#.......).##............
#......)..##............
#...###'####......)....#
#... #...#..........$.#
... #..#)#........(..#
.. #.#...#....).....#


You could see a two-headed ogre.

Vanquished Creatures
  A bombardier beetle (D:4)
  An iguana (D:4)
  Terence (D:2)
  An adder (D:2)
  A dart slug (D:1)
  2 orcs (D:4)
  4 ball pythons (D:1)
  6 endoplasms
  A goblin (D:1)
  3 hobgoblins
  4 jackals (D:1)
  4 bats (D:1)
  2 frilled lizards
  3 rats
34 creatures vanquished.

Notes
Turn   | Place    | Note
-------+----------+-------------------------------------------
     0 | D:1      | Peloso the Minotaur Fighter began the quest for the Orb.
     0 | D:1      | Reached XP level 1. HP: 19/19 MP: 0/0
   153 | D:1      | Reached XP level 2. HP: 27/27 MP: 1/1
   853 | D:2      | Reached XP level 3. HP: 30/33 MP: 2/2
   933 | D:2      | Noticed Terence
   943 | D:2      | Killed Terence
   982 | D:2      | You fall into a shaft and drop 2 floors!
   989 | D:4      | Found Qiug's Jewellery Shoppe.
  1008 | D:4      | Reached XP level 4. HP: 15/40 MP: 3/3
  1026 | D:4      | Noticed a two-headed ogre
  1032 | D:4      | Mangled by a two-headed ogre

Illustrated notes

Levels and vault maps discovered:
D:1:      minmay_arrival_jagged, layout_loops_ring
D:2:      layout_basic, basic_altar, minmay_hedge_maze, uniq_robin, uniq_terence
D:4:      layout_basic, mainiacjoe_overflow_cross_hatched, serial_shops,
          nicolae_diamond_shop, gup_sewer_entry_spiral,
          minmay_increasing_density

Skill      XL: |  1  2  3  4 |
---------------+-------------+-----
Armour         | 4 |  4.3
Fighting       | 4 |  4.3
Long Blades    | 3 4 |  4.1
Shields        | 4 |  4.7
Dodging        | |  0.1

Action                     |  1- 3 |  4- 6 || total
---------------------------+-------+-------++-------
  Melee: Long sword        |    63 |     9 ||    72
         Headbutt          |    11 |     1 ||    12
    Use: Potion            |     5 |       ||     5
 Armour: Scale mail        |    40 |     3 ||    43
  Dodge: Dodged            |    30 |     2 ||    32
  Block: Buckler           |    24 |       ||    24
